 Dungeon Crawl Stone Soup version 0.30.1-3-gfc49f6343a (webtiles) character file.

Game seed: 12578907584965134193

133 Bronimir the Magician (level 5, -5/35 HPs)
             Began as a Djinni Ice Elementalist on July 20, 2023.
             Killed from afar by an orc wizard (11 damage)
             ... with a magic dart
             ... on level 3 of the Dungeon.
             The game lasted 00:11:26 (2330 turns).

Bronimir the Magician (Djinni Ice Elementalist)     Turns: 2330, Time: 00:11:27

Health: -5/35      AC:  2    Str:  7    XL:     5   Next: 40%
Gold:   143        EV: 12    Int: 19    God:
                   SH:  0    Dex: 13

rFire   + + .        l - +2 hand axe (venom)
rCold   x . .        (no shield)
rNeg    . . .        a - +0 robe
rPois   ∞            (no helmet)
rElec   .            p - scarf {+Inv}
rCorr   .            (no gloves)
SInv    .            (boots unavailable)
Will    .....        (no amulet)
Stlth   ++           (no ring)
HPRegen 0.25/turn    (no ring)
MPRegen 0.00/turn

%: infuse magic (-6 HP)
@: flying, very slightly contaminated
A: sickness immunity, fire resistance 2, cold vulnerability 1, float, innate
caster, HP casting, extra vitality 1
a: Evoke Invisibility


You were on level 3 of the Dungeon.
You visited 1 branch of the dungeon, and saw 3 of its levels.

You collected 143 gold pieces.

Inventory:

Hand Weapons
 b - a +0 whip
 j - a +0 falchion
 k - a +0 falchion of freezing
 l - a +2 hand axe of venom (weapon)
Missiles
 d - 2 atropa-tipped darts
 r - a throwing net
Armour
 a - a +0 robe (worn)
 p - a scarf of invisibility (worn)
Scrolls
 c - a scroll of summoning {unknown}
 e - a scroll of vulnerability {unknown}
 f - 2 scrolls of identify {unknown}
 g - 2 scrolls of blinking {unknown}
 h - a scroll of fear {unknown}
 m - a scroll of magic mapping {unknown}
 n - a scroll of teleportation {unknown}
 o - a scroll of silence {unknown}
 s - a scroll of enchant weapon {unknown}
Potions
 i - a potion of ambrosia {unknown}
 q - a potion of lignification {unknown}


   Skills:
 + Level 0.1 Fighting
 + Level 0.1 Long Blades
 + Level 0.3 Maces & Flails
 * Level 2.8 Dodging
 - Level 1.5 Stealth
 * Level 4.7 Spellcasting


You knew the following spells:

 Your Spells              Type           Power      Damage    Failure   Level
a - Freeze                Ice            88%        1d9       1%          1
b - Frozen Ramparts       Ice            44%        1d7       5%          3
c - Ozocubu's Armour      Ice            22%        N/A       5%          3
d - Summon Ice Beast      Ice/Summ       22%        N/A       19%         4
e - Magic Dart            Conj           88%        1d7       1%          1
f - Call Imp              Summ           44%        N/A       2%          2
Your spell library was empty.

Dungeon Overview and Level Annotations

Branches:
Dungeon (3/15)

Altars:


Innate Abilities, Weirdness & Mutations

You are immune to sickness and miasma.
You are immune to poison.
Your flesh is very heat resistant. (rF++)
You are vulnerable to cold. (rC-)
You float through the air rather than walking.
You learn spells naturally, not from books.
Your magical power is your life essence.
You have superior vitality. (+4 MHP)


Message History

Casting: Freeze (safe; 1% risk of failure)
Confirm with . or Enter, or press ? or * to list all spells.
Aiming: Magic Dart (safe; 1% risk of failure)
Press: ? - help, Shift-Dir - straight line, f - orc
Aim: an orc, wielding a +0 club (100% to hit)
The magic dart hits something but does no damage.
Something hits you.
Casting: Magic Dart (safe; 1% risk of failure)
Confirm with . or Enter, or press ? or * to list all spells.
Aiming: Magic Dart (safe; 1% risk of failure)
Press: ? - help, Shift-Dir - straight line, f/p - orc
Aim: an orc, wielding a +0 club (100% to hit)
The magic dart hits the orc!
You kill the orc!
Something hits you.
Casting: Magic Dart (safe; 1% risk of failure)
Confirm with . or Enter, or press ? or * to list all spells.
Aiming: Magic Dart (safe; 1% risk of failure)
Press: ? - help, Shift-Dir - straight line, f - orc
Aim: an orc, wielding a +0 short sword and wearing a +0 chain mail (100% to hit)
The magic dart hits the orc.
The orc is heavily wounded.
A ball python comes into view.
Something hits you.
Casting: Magic Dart (safe; 1% risk of failure)
Confirm with . or Enter, or press ? or * to list all spells.
Aiming: Magic Dart (safe; 1% risk of failure)
Press: ? - help, Shift-Dir - straight line, f/p - orc
Aim: an orc, wielding a +0 short sword and wearing a +0 chain mail (heavily wounded, 100% to hit)
The magic dart hits the orc.
The orc is severely wounded.
The ball python hisses angrily.
Something hits you.
* * * LOW HITPOINT WARNING * * *
The orc barely misses you. The orc attacks as you move away!
The orc hits you with a +0 short sword.
* * * LOW HITPOINT WARNING * * *
A magic dart appears from out of thin air!
The magic dart hits you!
You die...

#########...# #........
..........#.###.##.....
########........##.####
#.#.#######.# #.#.#
#..# #.#.# #.## ###.#.#
#.# #...#.. #.#
###@#.### #.# #{..#...
#.# .....)o#####...
#.##### ######S .#.#
#.....# .. # # #####.)
### ### #. ## #


You could see an orc and a ball python.

Vanquished Creatures
  Terence (D:2)
  2 adders (D:3)
  A worm (D:3)
  3 dart slugs
  7 orcs
  5 endoplasms
  3 giant cockroaches
  5 goblins
  8 hobgoblins
  5 quokkas
  9 ball pythons
  6 bats
  3 frilled lizards (D:2)
  4 kobolds
  5 rats
67 creatures vanquished.

Notes
Turn   | Place    | Note
-------+----------+-------------------------------------------
     0 | D:1      | Bronimir the Djinni Ice Elementalist began the quest for
                  | the Orb.
     0 | D:1      | Bronimir set off with the following spells memorised:
                  | Freeze, Frozen Ramparts, Ozocubu's Armour, Summon Ice
                  | Beast.
     0 | D:1      | Reached XP level 1. HP: 15/15 MP: 0/0
   301 | D:1      | Reached XP level 2. HP: 20/21 MP: 0/0
   422 | D:1      | Reached XP level 3. HP: 15/25 MP: 0/0
   422 | D:1      | Learned a level 1 spell: Magic Dart
   853 | D:2      | Reached skill level 4 in Spellcasting
   899 | D:2      | Noticed Terence
   941 | D:2      | Killed Terence
   942 | D:2      | Reached XP level 4. HP: 12/31 MP: 0/0
  1958 | D:3      | Reached XP level 5. HP: 25/35 MP: 0/0
  1958 | D:3      | Learned a level 2 spell: Call Imp
  2330 | D:3      | Killed from afar by an orc wizard

Illustrated notes

Levels and vault maps discovered:
D:1:      wander_arrival_estate, layout_rooms
D:2:      layout_loops_corners, serial_forest, infiniplex_forest_clump_small,
          infiniplex_forest_zigzag_1, infiniplex_forest_straight_1,
          infiniplex_forest_zigzag_1, infiniplex_forest_lined_4_way,
          infiniplex_forest_straight_2, infiniplex_forest_clump_tiny,
          minmay_crystal_room, minmay_tall_x, uniq_terence
D:3:      layout_loops_ring, uniq_robin

Skill      XL: |  1  2  3 |
---------------+----------+-----
Spellcasting   | 4 |  4.7
Fighting       | |  0.1
Long Blades    | |  0.1
Maces & Flails | |  0.3
Dodging        | |  2.8
Stealth        | |  1.5

Action                     |  1- 3 |  4- 6 || total
---------------------------+-------+-------++-------
  Melee: Whip              |    23 |       ||    23
         Punch             |     1 |       ||     1
         Falchion          |     6 |       ||     6
         Hand axe          |       |     9 ||     9
   Cast: Freeze            |    37 |    20 ||    57
         Magic Dart        |     7 |    52 ||    59
         Ozocubu's Armour  |     1 |       ||     1
         Frozen Ramparts   |     1 |       ||     1
 Armour: Robe              |     8 |     6 ||    14
  Dodge: Dodged            |    39 |    17 ||    56
